AoeStats
← vortice_anonimo

Arabia

510864445Analyzed
2v2 RM · 17h ago on Oct 2, 2026· 58m 37s· 4 players
Game mode
Random Map
Map size
Medium (4 player)
Population
200
Speed
Normal
Resources
Standard
Victory
Conquest
Starting age
Dark Age
Ending age
Imperial Age
RankedLock teamsTeams togetherTeam positionsShared explorationLock speedFull tech treeHidden civsTurbo modeCheats
Victory
Defeat
🇦🇷 Chinese · Argentina
413
+21
🇦🇷 Vietnamese · Argentina
412
+21
🇺🇿 Tatars · Uzbekistan
601
-23
🇮🇹 Huns · Italy
468
-19
hushaoqing19940215
12:23 Feudal Age
13:18 Horse Collar
13:26 Double-Bit Axe
19:01 Stone Mining
20:31 Gold Mining
24:06 Wheelbarrow
26:44 Castle Age
24:39 Arson
25:10 Bloodlines
26:20 Loom
26:50 Elite Skirmisher
26:52 Crossbowman
27:38 Thumb Ring
29:10 Gold Shaft Mining
30:58 Bow Saw
34:10 Hand Cart
33:54 Fletching
34:05 Padded Archer Armor
36:13 Pikeman
36:54 Squires
39:29 Imperial Age
39:37 Elite Tarkan
40:17 Halberdier
44:32 Chemistry
43:29 Bodkin Arrow
43:50 Leather Archer Armor
Aziz
10:13 Feudal Age
10:56 Double-Bit Axe
11:36 Horse Collar
12:14 Loom
13:05 Wheelbarrow
17:31 Gold Mining
18:18 Fletching
23:03 Castle Age
21:11 Padded Archer Armor
22:01 Scale Barding Armor
21:56 Stone Mining
22:35 Bloodlines
24:18 Hand Cart
24:23 Bow Saw
24:15 Heavy Plow
27:20 Bodkin Arrow
29:13 Leather Archer Armor
32:30 Elite Skirmisher
33:34 Hand Cart
35:05 Husbandry
35:40 Ballistics
39:08 Imperial Age
37:37 Silk Armor
41:32 Onager
42:49 Guilds
42:43 Bracer
43:08 Light Cavalry
44:11 Conscription
Conejo Malo
0:40 Loom
10:36 Feudal Age
11:05 Double-Bit Axe
14:41 Horse Collar
20:14 Castle Age
19:53 Gold Mining
22:40 Stone Mining
23:27 Bow Saw
26:10 Wheelbarrow
25:53 Pikeman
26:41 Squires
27:04 Bloodlines
27:11 Heavy Plow
30:12 Hand Cart
32:59 Gold Shaft Mining
33:51 Light Cavalry
34:45 Scale Barding Armor
34:51 Forging
35:14 Caravan
35:19 Husbandry
35:53 Chain Barding Armor
36:25 Fletching
37:11 Iron Casting
36:37 Padded Archer Armor
37:17 Ballistics
39:40 Imperial Age
37:02 Town Watch
38:29 Thumb Ring
40:20 Bodkin Arrow
40:48 Leather Archer Armor
41:08 Plate Barding Armor
41:34 Blast Furnace
39:59 Capped Ram
40:59 Siege Ram
42:37 Bracer
42:43 Scale Mail Armor
43:51 Chemistry
42:19 Halberdier
42:45 Elite Chu Ko Nu
47:22 Rocketry
vortice_anonimo
12:30 Feudal Age
12:59 Double-Bit Axe
13:09 Gold Mining
13:28 Horse Collar
18:50 Fletching
19:01 Padded Archer Armor
26:43 Castle Age
27:40 Crossbowman
28:26 Thumb Ring
29:03 Wheelbarrow
28:43 Bow Saw
28:52 Leather Archer Armor
30:38 Heavy Plow
32:08 Hand Cart
35:07 Bodkin Arrow
35:16 Caravan
41:03 Imperial Age
42:07 Elite Fire Lancer
42:34 Arson
42:50 Squires
42:14 Arbalester
45:52 Elite Battle Elephant
49:32 Two-Man Saw
54:06 Chemistry
53:27 Ballistics
56:28 Stone Mining
56:47 Scale Barding Armor
56:43 Scale Mail Armor
56:54 Forging
57:15 Ring Archer Armor
57:50 Stone Shaft Mining
57:08 Pikeman
57:22 Cavalier
58:02 Husbandry
57:24 Light Cavalry
58:15 Bloodlines
Connection lost

Rejoining the realm…

Still unreachable

The connection could not be restored.

Session expired

The server has moved on; the page needs a fresh start.